 Dungeon Crawl Stone Soup version 0.30.0-10-gfe55d96785 (webtiles) character file.

Game seed: 18057528714677781520

321 qw the Chopper (level 6, -5/40 HPs)
             Began as a Gargoyle Cinder Acolyte on May 16, 2023.
             Was a High Priest of Ignis.
             Slain by an ogre
             ... wielding a +0 giant spiked club
              (27 damage)
             ... on level 4 of the Dungeon.
             The game lasted 00:01:31 (2963 turns).

qw the Chopper (Gargoyle Cinder Acolyte)            Turns: 2963, Time: 00:01:32

Health: -5/40      AC: 20    Str: 17    XL:     6   Next: 46%
Magic:  7/7        EV:  7    Int: 15    God:    Ignis [*****.]
Gold:   282        SH:  0    Dex:  5    Spells: 7/7 levels left

rFire   + + +        g - +0 hand axe (spect)
rCold   . . .        (no shield)
rNeg    + . .        e - +0 chain mail
rPois   inf          (helmet restricted)
rElec   +            (no cloak)
rCorr   .            (no gloves)
SInv    .            (no boots)
Will    .....        (no amulet) Stlth
                     d - ring of protection from fire
HPRegen 0.26/turn    n - ring of protection from fire
MPRegen 0.10/turn

%: no passive effects
@: fiery-armoured
A: sickness immunity, AC +4, negative energy resistance 1, electricity
resistance, torment resistance 1, petrification resistance, horns 1, weak 1,
devolution 1
a: Renounce Religion, Fiery Armour, Foxfire Swarm, Rising Flame


You were on level 4 of the Dungeon.
You worshipped Ignis.
Ignis was extremely pleased with you.
You visited 1 branch of the dungeon, and saw 4 of its levels.

You collected 282 gold pieces.


Innate Abilities, Weirdness & Mutations

You are immune to sickness and miasma.
Your stone body is resilient. (AC +4)
You are immune to poison.
You resist negative energy. (rN+)
You are resistant to electric shocks. (rElec)
You are resistant to unholy torment.
You are immune to petrification.
You have a pair of small horns on your head.
You are weak. (Str -2)
You have hidden genetic defects.


   Skills:
 - Level 4.9 Fighting
 + Level 5.2 Axes
 - Level 2.1 Armour
 - Level 1.0 Spellcasting
 - Level 3.0 Fire Magic


You had 7 spell levels left.
You didn't know any spells.
Your spell library contained the following spells:

 Spells                   Type           Power      Damage    Failure   Level
 Scorch                   Fire           18%        2d5       75%         2

Inventory:

Hand Weapons
 g - a +0 spectral hand axe (weapon)
 m - a +0 flail
Missiles
 j - 2 boomerangs (quivered)
Armour
 e - a +0 chain mail (worn)
Jewellery
 d - a ring of protection from fire (left hand)
 k - a ring of resist corrosion
 n - a ring of protection from fire (right hand)
Scrolls
 a - 2 scrolls of identify
 b - a scroll of enchant armour
 f - 2 scrolls of poison {unknown}
Potions
 c - 2 potions of haste
 h - a potion of magic {unknown}
 i - a potion of degeneration {unknown}
 l - 2 potions of curing
 o - 2 potions of mutation

Dungeon Overview and Level Annotations

Branches:
Dungeon (4/15)
 Temple: D:4-7

Altars:
Trog


Message History

The ogre is lightly wounded.
Your +0 spectral hand axe hits the ogre but does no damage.
The ogre hits you with a +0 giant spiked club!!
You hit the ogre.
The ogre is lightly wounded.
Your +0 spectral hand axe hits the ogre.
The ogre hits you with a +0 giant spiked club.
2959 ||| INVOKING Fiery Armour.
A protective cloak of flame settles atop you.
Your +0 spectral hand axe disappears.
The endoplasm jiggles.
You slash the ogre!
The ogre is heavily wounded.
You barely miss the endoplasm.
Your +0 spectral hand axe hits the endoplasm but does no damage.
The endoplasm hits you but does no damage.
The endoplasm is burned by your cloak of flames.
The endoplasm is almost dead.
The ogre barely misses you.
You completely miss the endoplasm.
The endoplasm is almost dead.
You barely miss the ogre.
Your +0 spectral hand axe hits the endoplasm.
You kill the endoplasm!
Your +0 spectral hand axe hits the ogre.
Your +0 spectral hand axe hits the dart slug.
The ogre barely misses you.
You barely miss the ogre.
The ogre is heavily wounded.
Your +0 spectral hand axe hits the ogre.
Your +0 spectral hand axe hits the dart slug.
The dart slug closely misses your +0 spectral hand axe.
You slash the ogre!
You headbutt the ogre, but do no damage.
The ogre is almost dead.
Your +0 spectral hand axe hits the ogre.
Your +0 spectral hand axe completely misses the dart slug.
The ogre hits you with a +0 giant spiked club!!
Ouch! That really hurt!
You die...

### .......... #.. ##
#..... #.# .. ##..## #.#
##.#.##..# #.#
#........#
###.###....#.##.##
###w........##.#..#
#..O(.###..# #.#.##
..J...##@#....# ##.#.#
..w.. ##.#.#### #..#.#
.... #..#.# #.#..# # ...
#.##.# #.#.## # ..
#.##.# ##.#.##### .
#.#..#####......... ..
#.#.##....[..###### ..
###...##.####..#
#.###....###.####..#####


You could see an ogre, a dart slug and a friendly +0 spectral hand axe.

Vanquished Creatures
  A black bear (D:3)
  A jelly (D:4)
  An iguana (D:2)
  Natasha (D:2)
  Terence (D:3)
  Robin (D:3)
  2 adders
  A worm (D:2)
  2 dart slugs
  9 orcs (D:3)
  8 endoplasms
  2 giant cockroaches (D:3)
  5 hobgoblins
  2 kobolds
  4 quokkas
  10 ball pythons
  4 bats
  3 frilled lizards
  14 goblins
  6 rats
78 creatures vanquished.

Notes
Turn   | Place    | Note
-------+----------+-------------------------------------------
     0 | D:1      | qw the Gargoyle Cinder Acolyte began the quest for the Orb.
     0 | D:1      | Reached XP level 1. HP: 14/14 MP: 2/2
     0 | D:1      | 0 ||| qw: Version: 0.2-a-94-gb5d2a68
     0 | D:1      | 0 ||| qw: Game counter: 57
     0 | D:1      | 0 ||| qw: Always use a shield: true
     0 | D:1      | 0 ||| qw: God list: Okawaru
     0 | D:1      | 0 ||| qw: Allow faded altars: false
     0 | D:1      | 0 ||| qw: Do Orc after D:15 true
     0 | D:1      | 0 ||| qw: Do second Lair branch before Depths: true
     0 | D:1      | 0 ||| qw: Lair rune preference: random
     0 | D:1      | 0 ||| qw: Plans: Normal
     0 | D:1      | 0 ||| PLANNING D:1-11
    17 | D:1      | 17 ||| Stepping ~*~*~tactically~*~*~ (stealth).
    22 | D:1      | 22 ||| Stepping ~*~*~tactically~*~*~ (stealth).
   102 | D:1      | Reached skill level 3 in Axes
   184 | D:1      | Reached XP level 2. HP: 17/19 MP: 3/3
   414 | D:1      | Found a faded altar of an unknown god.
   414 | D:1      | Noticed a chaos spawn
   415 | D:1      | 415 ||| UPGRADING to +0 leather armour.
   425 | D:1      | 425 ||| DROPPING +0 robe.
   426 | D:1      | 426 ||| UPGRADING to +0 ring mail.
   436 | D:1      | 436 ||| DROPPING +0 leather armour.
   437 | D:1      | 437 ||| UPGRADING to ring of protection from fire.
   438 | D:1      | 438 ||| READING 2 scrolls labelled PACEYWNIACATZ.
   439 | D:1      | 439 ||| READING scroll labelled XESKUALAFU.
   506 | D:1      | 506 ||| INVOKING Fiery Armour.
   697 | D:1      | 697 ||| READING scroll labelled ADAEZI FIWKU.
   698 | D:1      | 698 ||| READING scroll labelled AZIPLIYFONK.
   699 | D:1      | 699 ||| DRINKING 3 golden potions.
   802 | D:2      | 802 ||| READING scroll of teleportation.
   851 | D:2      | Reached XP level 3. HP: 23/23 MP: 4/4
  1432 | D:2      | Reached skill level 4 in Axes
  1523 | D:2      | 1523 ||| UPGRADING to ring of resist corrosion.
  1524 | D:2      | 1524 ||| READING scroll labelled GEOKKAZAXI.
  1525 | D:2      | 1525 ||| READING scroll labelled WEGGE UBETTU.
  1589 | D:2      | 1589 ||| READING scroll labelled YMENTA JITECEGG.
  1590 | D:2      | 1590 ||| READING scroll labelled PEJAYL HADGHOR.
  1591 | D:2      | 1591 ||| READING 3 scrolls of identify.
  1591 | D:2      | 1591 ||| IDENTIFYING smoky golden potion
  1592 | D:2      | 1592 ||| READING 2 scrolls of identify.
  1592 | D:2      | 1592 ||| IDENTIFYING white potion
  1593 | D:2      | 1593 ||| DROPPING potion of brilliance.
  1627 | D:3      | 1627 ||| INVOKING Fiery Armour.
  1627 | D:3      | Identified the +0 helmet "Mucruh" {Int+4}
  1627 | D:3      | Noticed Robin
  1629 | D:3      | Noticed Natasha
  1630 | D:3      | Noticed Terence
  1632 | D:3      | 1632 ||| STAIRDANCE
  1636 | D:2      | Reached XP level 4. HP: 19/28 MP: 5/5
  1684 | D:3      | 1684 ||| STAIRDANCE
  1698 | D:3      | 1698 ||| STAIRDANCE
  1698 | D:3      | Killed Terence
  1710 | D:3      | 1710 ||| STAIRDANCE
  1714 | D:2      | Killed Natasha
  1715 | D:2      | Reached XP level 5. HP: 21/32 MP: 6/6
  1766 | D:3      | Killed Robin
  1832 | D:3      | 1832 ||| DROPPING +0 club.
  1834 | D:3      | 1834 ||| Stepping ~*~*~tactically~*~*~ (hiding).
  1844 | D:3      | Reached skill level 5 in Axes
  2021 | D:3      | 2021 ||| Stepping ~*~*~tactically~*~*~ (stealth).
  2022 | D:3      | 2022 ||| Stepping ~*~*~tactically~*~*~ (stealth).
  2025 | D:3      | 2025 ||| Stepping ~*~*~tactically~*~*~ (stealth).
  2026 | D:3      | 2026 ||| Stepping ~*~*~tactically~*~*~ (stealth).
  2027 | D:3      | 2027 ||| Stepping ~*~*~tactically~*~*~ (stealth).
  2076 | D:3      | Noticed a black bear
  2077 | D:3      | 2077 ||| Stepping ~*~*~tactically~*~*~ (stealth).
  2098 | D:3      | Killed a black bear
  2099 | D:3      | Reached XP level 6. HP: 35/40 MP: 7/7
  2327 | D:3      | Found a bloodstained altar of Trog.
  2553 | D:3      | 2553 ||| UPGRADING to +0 chain mail.
  2563 | D:3      | 2563 ||| UPGRADING to +0 helmet "Mucruh" {Int+4}.
  2568 | D:3      | 2568 ||| DROPPING +0 ring mail.
  2569 | D:3      | 2569 ||| UPGRADING to ring of protection from fire.
  2571 | D:3      | 2571 ||| READING scroll labelled XOIHEAPUCS.
  2572 | D:3      | 2572 ||| DRINKING 2 metallic pink potions.
  2572 | D:3      | Gained mutation: You are weak. (Str -2) [potion of
                  | mutation]
  2572 | D:3      | Gained mutation: You have a pair of small horns on your
                  | head. [potion of mutation]
  2572 | D:3      | Gained mutation: You have hidden genetic defects. [potion
                  | of mutation]
  2573 | D:3      | 2573 ||| DROPPING +0 helmet "Mucruh" {Int+4}.
  2592 | D:4      | 2592 ||| Stepping ~*~*~tactically~*~*~ (stealth).
  2870 | D:4      | 2870 ||| READING scroll of teleportation.
  2874 | D:4      | 2874 ||| Stepping ~*~*~tactically~*~*~ (stealth).
  2952 | D:4      | 2952 ||| Stepping ~*~*~tactically~*~*~ (stealth).
  2954 | D:4      | 2954 ||| Stepping ~*~*~tactically~*~*~ (hiding).
  2959 | D:4      | 2959 ||| INVOKING Fiery Armour.
  2963 | D:4      | Slain by an ogre

Levels and vault maps discovered:
D:1:      beargit_arrival_diablo_church, layout_rooms,
          dreamdust_ecumenical_altar_sealed_demon
D:2:      layout_basic, serial_forest, infiniplex_forest_clump_long,
          infiniplex_forest_clump_small, infiniplex_forest_zigzag_1,
          infiniplex_forest_straight_5, infiniplex_forest_clump_small,
          infiniplex_forest_lined_2
D:3:      layout_loops_ring, mainiacjoe_overflow_alcove_2, minmay_box_of_dots,
          uniq_natasha, uniq_robin, uniq_terence
D:4:      layout_rooms

Skill      XL: |  1  2  3  4  5 |
---------------+----------------+-----
Axes           | 3 4 5 |  5.2
Armour         | 2 |  2.1
Fighting       | 4 |  4.9
Spellcasting   | |  1.0
Fire Magic     | |  3.0

Action                     |  1- 3 |  4- 6 || total
---------------------------+-------+-------++-------
  Melee: Hand axe          |    84 |   111 ||   195
         Punch             |       |     2 ||     2
         Headbutt          |       |     3 ||     3
  Throw: Boomerang         |       |     1 ||     1
 Invoke: Fiery Armour      |     2 |     1 ||     3
    Use: Scroll            |    11 |     2 ||    13
         Potion            |     1 |     1 ||     2
 Armour: Robe              |    12 |       ||    12
         Ring mail         |    23 |    60 ||    83
         Chain mail        |       |     7 ||     7
  Dodge: Dodged            |    41 |    48 ||    89

Table legend:
 A = Non-vault XP
 B = Vault XP
 C = Vault XP percentage of total XP
 D = Non-vault monster count
 E = Vault monster count
 F = Vault count percentage of total count
                 A         B        C        D         E       F
            +---------+---------+-------+---------+---------+-------
      Total |     224 |     235 |  51.2 |      61 |      17 |  21.8
            +---------+---------+-------+---------+---------+-------
        D:1 |      30 |       1 |   3.2 |      16 |       1 |   5.9
        D:2 |      74 |      37 |  33.3 |      12 |       2 |  14.3
        D:3 |      65 |     197 |  75.2 |      25 |      14 |  35.9
        D:4 |      55 |       0 |   0.0 |       8 |       0 |   0.0
            +---------+---------+-------+---------+---------+-------
